 Dungeon Crawl Stone Soup version 0.23-a0-650-ga4d50d4d25 (webtiles) character file.

1185 Napalmbreeze the Charmwright (level 8, -6/64 HPs)
             Began as a Gnoll Skald on Jan 7, 2019.
             Mangled by an orc warrior
             ... wielding a +0 trident
              (11 damage)
             ... on level 6 of the Dungeon.
             The game lasted 00:09:27 (5436 turns).

Napalmbreeze the Charmwright (Gnoll Skald)          Turns: 5436, Time: 00:09:27

Health: -6/64      AC:  5    Str: 16    XL:     8   Next: 42%
Magic:  11/17      EV: 14    Int: 15    God:
Gold:   362        SH:  0    Dex: 15    Spells: 13/19 levels left

rFire    . . .     SeeInvis .   a - +0 spear
rCold    . . .     Gourm    .   (no shield)
rNeg     . . .     Faith    .   m - +0 ring mail
rPois    +         Spirit   .   (no helmet)
rElec    .         Reflect  .   i - scarf {repulsion}
rCorr    .         Harm     .   (no gloves)
MR       .....                  (no boots)
Stlth    ++........             (no amulet)
HPRegen  0.20/turn              C - ring of wizardry
MPRegen  0.15/turn              v - ring of poison resistance

@: infused, very slightly contaminated, repel missiles
A: distributed training, fangs 1, strong nose
a: no special abilities


You were on level 6 of the Dungeon.
You were not hungry.

You visited 1 branch of the dungeon, and saw 6 of its levels.

You collected 362 gold pieces.

Inventory:

Hand Weapons
 a - a +0 spear (weapon)
 r - a +0 blowgun
Missiles
 s - 10 poisoned needles
Armour
 i - a scarf of repulsion (worn)
 m - a +0 ring mail (worn)
Jewellery
 v - a ring of poison resistance (right hand)
 x - an uncursed ring of see invisible
 y - an uncursed ring of positive energy
 C - a ring of wizardry (left hand)
Wands
 l - a wand of random effects (13)
 A - a wand of polymorph (3)
Scrolls
 b - a scroll of remove curse {unknown}
 c - 3 scrolls of enchant armour {unknown}
 e - 8 scrolls of identify {unknown}
 f - 3 scrolls of teleportation {unknown}
 h - 4 scrolls of magic mapping {unknown}
 n - 3 scrolls of noise {unknown}
 u - a scroll of blinking {unknown}
 w - a scroll of random uselessness {unknown}
 B - a scroll of enchant weapon {unknown}
 D - a scroll of immolation {unknown}
 G - a scroll of fog {unknown}
Potions
 g - 2 potions of agility {unknown}
 j - 2 potions of magic {unknown}
 k - 2 potions of mutation {unknown}
 o - a potion of heal wounds {unknown}
 p - a potion of invisibility {unknown}
 q - 3 potions of curing {unknown}
 t - a potion of might {unknown}
 z - a potion of flight {unknown}
 E - a potion of haste {unknown}
 H - a potion of degeneration {unknown}
Comestibles
 d - 7 rations
 F - a chunk of flesh


   Skills:
 + Level 5.6 Fighting
 + Level 3.2 Short Blades
 + Level 3.2 Long Blades
 + Level 3.2 Axes
 + Level 3.2 Maces & Flails
 + Level 5.6 Polearms
 + Level 3.2 Staves
 + Level 3.2 Slings
 + Level 3.2 Bows
 + Level 3.2 Crossbows
 + Level 3.2 Throwing
 + Level 4.1 Armour
 + Level 5.6 Dodging
 + Level 3.2 Stealth
 + Level 3.2 Shields
 + Level 3.2 Unarmed Combat
 + Level 6.0 Spellcasting
 + Level 2.6 Conjurations
 + Level 2.6 Hexes
 + Level 6.1 Charms
 + Level 2.6 Summonings
 + Level 2.6 Necromancy
 + Level 2.6 Translocations
 + Level 2.6 Transmutations
 + Level 2.6 Fire Magic
 + Level 2.6 Ice Magic
 + Level 2.6 Air Magic
 + Level 2.6 Earth Magic
 + Level 2.6 Poison Magic
 + Level 3.5 Invocations
 + Level 3.2 Evocations


You had 13 spell levels left.
You knew the following spells:

 Your Spells              Type           Power        Failure   Level  Hunger
a - Infusion              Chrm           ###.         1%          1    None
q - Song of Slaying       Chrm           ###.....     1%          2    #......
s - Spectral Weapon       Hex/Chrm       ###.....     5%          3    ##.....

Your spell library contained the following spells:

 Spells                   Type           Power        Failure   Level  Hunger
 Shroud of Golubria       Chrm/Tloc      ###.......   2%          2    #......
 Regeneration             Chrm/Necr      ###.......   5%          3    ##.....


Dungeon Overview and Level Annotations

Branches:
Dungeon (6/15)
 Temple: D:4-7

Altars:
Cheibriados
Qazlal
Xom


Innate Abilities, Weirdness & Mutations

Your experience applies equally to all skills.
You have very sharp teeth.
Your uncanny sense of smell can sniff out nearby items.


Message History

Press: ? - help, Dir - move target cursor, f/p - orc warrior
Aim: an orc warrior, wielding a +0 trident and wearing a +0 plate armour You reach to attack!
You barely miss the orc warrior.
The orc warrior is almost dead.
Your spectral weapon hits the orc warrior but does no damage.
Attack whom?
Press: ? - help, Dir - move target cursor, f/p - orc warrior
Aim: an orc warrior, wielding a +0 trident and wearing a +0 plate armour You reach to attack!
You closely miss the orc warrior.
The orc warrior is almost dead.
Your spectral weapon barely misses the orc warrior.
The orc warrior hits you from afar with a +0 trident!!
* * * LOW HITPOINT WARNING * * *
You hear a shout!
Attack whom?
Press: ? - help, Dir - move target cursor, f/p - orc warrior
Aim: an orc warrior, wielding a +0 trident and wearing a +0 plate armour You could not reach far enough!
The orc warrior hits you from afar with a +0 trident!
You die...

#.........#......................
#.........#......................
###########......................
..........#####################
..........#...........
..........#.........<.
..........#...........
..........#...........
..........#...@.......
..........#'###(##.##' ∆
###+###+#.....#o# ∆ +.....#..
#.....#... #.....#....
#.....#'#### ####..... .....


You could see an orc warrior and a friendly spectral +0 spear.

Vanquished Creatures
  Duvessa (D:6)
  A phantom (D:4)
  An ogre (D:5)
  A bullfrog (D:6)
  Dowan (D:6)
  A scorpion (D:4)
  5 crimson imps
  A hound (D:5)
  2 jellies
  A gnoll shaman (D:5)
  An orc priest (D:3)
  An orc wizard (D:3)
  Jessica (D:2)
  2 iguanas
  2 worker ants
  5 adders
  12 gnolls
  A shadow imp (D:5)
  An ooze (D:2)
  An adder zombie (D:2)
  2 worms (D:2)
  3 dart slugs
  3 leopard geckos
  3 orcs
  A bat skeleton (D:2)
  A bat zombie (D:2)
  2 giant cockroaches (D:3)
  8 goblins
  5 hobgoblins
  10 jackals
  6 kobolds
  4 quokkas
  2 ball pythons
  A ball python zombie (D:2)
  7 bats
  8 frilled lizards
  A jackal skeleton (D:2)
  A leopard gecko skeleton (D:5)
  A leopard gecko zombie (D:6)
  2 quokka zombies (D:2)
  3 rats
116 creatures vanquished.

Vanquished Creatures (others)
  A spectral weapon (D:2)
1 creature vanquished.

Grand Total: 117 creatures vanquished

Notes
Turn   | Place    | Note
-------+----------+-------------------------------------------
     0 | D:1      | Napalmbreeze the Gnoll Skald began the quest for the Orb.
     0 | D:1      | Reached XP level 1. HP: 20/20 MP: 6/6
   151 | D:1      | Reached XP level 2. HP: 26/26 MP: 7/7
   698 | D:2      | Reached XP level 3. HP: 31/31 MP: 5/9
   702 | D:2      | Reached skill level 5 in Spellcasting
   715 | D:1      | Reached skill level 1 in Invocations
   799 | D:1      | Learned a level 2 spell: Song of Slaying
   803 | D:1      | Learned a level 3 spell: Spectral Weapon
  1054 | D:2      | Noticed Jessica
  1061 | D:2      | Killed Jessica
  1061 | D:2      | Reached skill level 1 in Short Blades
  1061 | D:2      | Reached skill level 1 in Long Blades
  1061 | D:2      | Reached skill level 1 in Axes
  1061 | D:2      | Reached skill level 1 in Maces & Flails
  1061 | D:2      | Reached skill level 1 in Staves
  1061 | D:2      | Reached skill level 1 in Slings
  1061 | D:2      | Reached skill level 1 in Bows
  1061 | D:2      | Reached skill level 1 in Crossbows
  1061 | D:2      | Reached skill level 1 in Throwing
  1061 | D:2      | Reached skill level 1 in Stealth
  1061 | D:2      | Reached skill level 1 in Shields
  1061 | D:2      | Reached skill level 1 in Unarmed Combat
  1061 | D:2      | Reached skill level 1 in Evocations
  1061 | D:2      | Reached XP level 4. HP: 30/38 MP: 8/11
  1557 | D:2      | Reached skill level 1 in Conjurations
  1557 | D:2      | Reached skill level 1 in Hexes
  1557 | D:2      | Reached skill level 1 in Summonings
  1557 | D:2      | Reached skill level 1 in Necromancy
  1557 | D:2      | Reached skill level 1 in Translocations
  1557 | D:2      | Reached skill level 1 in Transmutations
  1557 | D:2      | Reached skill level 1 in Fire Magic
  1557 | D:2      | Reached skill level 1 in Ice Magic
  1557 | D:2      | Reached skill level 1 in Air Magic
  1557 | D:2      | Reached skill level 1 in Earth Magic
  1557 | D:2      | Reached skill level 1 in Poison Magic
  1696 | D:2      | Reached XP level 5. HP: 25/43 MP: 5/12
  2573 | D:3      | Reached XP level 6. HP: 48/50 MP: 9/13
  2619 | D:3      | Found a faded altar of an unknown god.
  2734 | D:3      | Found a shimmering altar of Xom.
  2767 | D:3      | Reached skill level 5 in Fighting
  2767 | D:3      | Reached skill level 5 in Polearms
  2767 | D:3      | Reached skill level 5 in Dodging
  2902 | D:4      | Noticed a phantom
  2925 | D:4      | Killed a phantom
  2925 | D:4      | Reached XP level 7. HP: 52/56 MP: 13/15
  3625 | D:5      | Entered Level 5 of the Dungeon
  4052 | D:5      | Found a snail-covered altar of Cheibriados.
  4323 | D:5      | Reached XP level 8. HP: 34/63 MP: 13/16
  4918 | D:6      | Noticed Dowan
  4956 | D:6      | Noticed Duvessa
  5019 | D:6      | Killed Duvessa
  5025 | D:6      | Killed Dowan
  5042 | D:6      | Found a stormy altar of Qazlal.
  5436 | D:6      | Mangled by an orc warrior

Vault maps used:
D:1:      mrwooster_arrival_statue, feat_on_display
D:2:      serial_undead, serial_undead_d, serial_undead_f, serial_undead_a,
          serial_undead_f, uniq_jessica
D:3:      serial_corexii_hall, corexii_hall_statues_s, chequers_hall_statues_y,
          chequers_hall_statues_wall_a, chequers_ecumenical_altar_island,
          led_xom_imps
D:4:      first_ration
D:5:      cheibriados_altar_1
D:6:      chequers_decorated_corner, nicolae_qazlal_general_emergency,
          uniq_duvessa

Skill      XL: |  1  2  3  4  5  6  7  8 |
---------------+-------------------------+-----
Spellcasting   | 5 6 |  6.0
Invocations    | 1 2 3 |  3.5
Short Blades   | 1 2 3 |  3.2
Long Blades    | 1 2 3 |  3.2
Axes           | 1 2 3 |  3.2
Maces & Flails | 1 2 3 |  3.2
Staves         | 1 2 3 |  3.2
Slings         | 1 2 3 |  3.2
Bows           | 1 2 3 |  3.2
Crossbows      | 1 2 3 |  3.2
Throwing       | 1 2 3 |  3.2
Stealth        | 1 2 3 |  3.2
Shields        | 1 2 3 |  3.2
Unarmed Combat | 1 2 3 |  3.2
Evocations     | 1 2 3 |  3.2
Conjurations   | 1 2 |  2.6
Hexes          | 1 2 |  2.6
Summonings     | 1 2 |  2.6
Necromancy     | 1 2 |  2.6
Translocations | 1 2 |  2.6
Transmutations | 1 2 |  2.6
Fire Magic     | 1 2 |  2.6
Ice Magic      | 1 2 |  2.6
Air Magic      | 1 2 |  2.6
Earth Magic    | 1 2 |  2.6
Poison Magic   | 1 2 |  2.6
Armour         | 3 4 |  4.1
Fighting       | 5 |  5.6
Polearms       | 5 |  5.6
Dodging        | 5 |  5.6
Charms         | 6 |  6.1

Action                   |  1- 3 |  4- 6 |  7- 9 || total
-------------------------+-------+-------+-------++-------
Melee: Spear             |    89 |   207 |   166 ||   462
       Bite              |     9 |    19 |    21 ||    49
       Punch             |       |       |     2 ||     2
 Cast: Infusion          |     2 |     2 |     3 ||     7
       Spectral Weapon   |       |    12 |    11 ||    23
       Song of Slaying   |       |     2 |     3 ||     5
 Stab: Sleeping          |     1 |     1 |     2 ||     4
  Eat: Chunk             |       |     8 |     2 ||    10
       Ration            |       |       |     2 ||     2
Armor: Leather armour    |     7 |     1 |       ||     8
       Ring mail         |       |    38 |    31 ||    69
Dodge: Dodged            |    42 |   103 |    89 ||   234
       Deflected         |       |     4 |       ||     4

Table legend:
 A = Non-vault XP
 B = Vault XP
 C = Vault XP percentage of total XP
 D = Non-vault monster count
 E = Vault monster count
 F = Vault count percentage of total count
                 A         B        C        D         E       F
            +---------+---------+-------+---------+---------+-------
      Total |    1233 |     460 |  27.2 |     102 |      14 |  12.1
            +---------+---------+-------+---------+---------+-------
        D:1 |      46 |       0 |   0.0 |      18 |       0 |   0.0
        D:2 |     116 |      51 |  30.5 |      28 |       8 |  22.2
        D:3 |     124 |     192 |  60.8 |      19 |       4 |  17.4
        D:4 |     331 |       0 |   0.0 |      11 |       0 |   0.0
        D:5 |     416 |       0 |   0.0 |      17 |       0 |   0.0
        D:6 |     200 |     217 |  52.0 |       9 |       2 |  18.2
            +---------+---------+-------+---------+---------+-------
